 Dungeon Crawl Stone Soup version bcrawl-1.28.5 (webtiles) character file.

Game seed: 10390067492313137804

196085 Mehrunes the Basher (level 8, -3/83 HPs)
             Began as an Ogre Fighter on Jan 27, 2021.
             Slain by a hippogriff (6 damage)
             ... on level 4 of the Dungeon.
             The game lasted 00:10:48 (5050 turns).

Mehrunes the Basher (Ogre Fighter)                  Turns: 5050, Time: 00:10:49

Health: -3/83      AC:  3    Str: 26    XL:     8   Next: 4%
Magic:  8/8        EV:  7    Int: 11    God:
Gold:   268        SH:  8    Dex:  8    Spells: 7/7 levels left

rFire    . . .     SeeInvis .   a - +0 flail
rCold    . . .     Gourm    .   c - +0 medium shield
rNeg     . . .     Faith    .   b - +0 robe
rPois    .         Spirit   .   (helmet restricted)
rElec    .         Reflect  .   (no cloak)
rCorr    .         Harm     .   (gloves unavailable)
MR       .....                  (boots unavailable)
Stlth    +.........             (no amulet)
HPRegen  0.23/turn              (no ring)
MPRegen  0.11/turn              (no ring)

@: mighty
A: large, unfitting armour, tough skin 1
a: no special abilities


You were on level 4 of the Dungeon.
You were not hungry.

You visited 1 branch of the dungeon, and saw 4 of its levels.

You collected 268 gold pieces.

Inventory:

Hand Weapons
 a - a +0 flail (weapon)
 w - a cursed -1 giant spiked club
Armour
 b - a +0 robe (worn)
 c - a +0 medium shield (worn)
Jewellery
 k - an uncursed ring of insulation {unknown}
 r - an uncursed ring of protection from cold {unknown}
Wands
 t - a wand of clouds (5)
 v - a wand of paralysis (10)
Scrolls
 h - 2 scrolls of identify
 i - a scroll of fog {unknown}
 l - a scroll of enchant weapon {unknown}
 o - a scroll of teleportation
 p - a scroll of fear {unknown}
 s - a scroll of remove curse {unknown}
 u - a scroll of noise {unknown}
Potions
 f - a potion of ambrosia {unknown}
 g - 2 potions of cancellation {unknown}
 j - a potion of magic {unknown}
 m - a potion of mutation {unknown}
 n - a potion of haste {unknown}
 q - a potion of heal wounds {unknown}
Comestibles
 e - 7 rations {!d}


   Skills:
 + Level 6.0 Fighting
 - Level 10.0 Maces & Flails
 - Level 2.6 Dodging
 - Level 2.6 Shields


You had 7 spell levels left.
You didn't know any spells.
Your spell library was empty.

Dungeon Overview and Level Annotations

Branches:
Dungeon (4/12)
 Temple: D:4-7

Altars:
Cheibriados
Fedhas
Qazlal


Innate Abilities, Weirdness & Mutations

You are too large for most types of armour.
You have tough skin. (AC +1)


Message History

You are blown backwards!
The hippogriff flaps its wings!
You hurl suddenly forward!
The hippogriff barely misses you. You block the hippogriff's attack.
The hippogriff claws you.
* * * LOW HITPOINT WARNING * * *
The hippogriff flaps its wings!
You hurl suddenly forward!
The hippogriff bites you.
* * * LOW HITPOINT WARNING * * *
The hippogriff pecks you!
* * * LOW HITPOINT WARNING * * *
The hippogriff barely misses you.
The hippogriff flaps its wings!
You hurl suddenly forward!
The hippogriff closely misses you. You block the hippogriff's attack.
The hippogriff claws you.
* * * LOW HITPOINT WARNING * * *
Press: ? - help, v - describe, . - travel
Here: a hippogriff (heavily wounded)
You feel very mighty all of a sudden. The hippogriff bites you.
You die...

#.# #.# #.#
############
#.#
.....>.....#
#.#
##########.#
#.# #.# #.#
##.######H#
#.#.....@.#
##.########
###


You could see a hippogriff.

Vanquished Creatures
  A centaur skeleton (D:4)
  A sky beast (D:4)
  A phantom (D:4)
  An ogre (D:4)
  A crimson imp (D:4)
  An orc priest (D:3)
  A hound (D:3)
  An orc wizard (D:2)
  An iguana (D:4)
  A worker ant (D:4)
  8 adders
  2 worms
  2 dart slugs
  4 leopard geckos
  8 orcs
  6 giant cockroaches
  9 goblins
  12 hobgoblins
  8 jackals
  3 quokkas
  3 bats
  6 frilled lizards
  13 kobolds
  5 rats
99 creatures vanquished.

Notes
Turn   | Place    | Note
-------+----------+-------------------------------------------
     0 | D:1      | Mehrunes the Ogre Fighter began the quest for the Orb.
     0 | D:1      | Reached XP level 1. HP: 24/24 MP: 1/1
    49 | D:1      | Reached skill level 3 in Maces & Flails
   114 | D:1      | Reached XP level 2. HP: 31/32 MP: 2/2
   438 | D:1      | Reached skill level 4 in Maces & Flails
   540 | D:1      | Reached XP level 3. HP: 39/39 MP: 3/3
  1217 | D:2      | Found a stormy altar of Qazlal.
  1346 | D:2      | Reached skill level 5 in Maces & Flails
  1406 | D:2      | Reached XP level 4. HP: 32/48 MP: 4/4
  1914 | D:2      | Reached skill level 6 in Maces & Flails
  2115 | D:2      | Reached XP level 5. HP: 51/54 MP: 5/5
  2396 | D:3      | Found a snail-covered altar of Cheibriados.
  2636 | D:3      | Found a blossoming altar of Fedhas.
  3338 | D:3      | Found a snail-covered altar of Cheibriados.
  3408 | D:3      | Found a blossoming altar of Fedhas.
  3472 | D:3      | Reached skill level 7 in Maces & Flails
  3493 | D:3      | Reached XP level 6. HP: 16/62 MP: 6/6
  4091 | D:4      | Reached skill level 8 in Maces & Flails
  4281 | D:4      | Reached skill level 9 in Maces & Flails
  4281 | D:4      | Reached XP level 7. HP: 55/70 MP: 7/7
  4623 | D:4      | Reached skill level 10 in Maces & Flails
  4623 | D:4      | Reached skill level 5 in Fighting
  4908 | D:4      | Reached XP level 8. HP: 38/83 MP: 8/8
  5013 | D:4      | Noticed a hippogriff
  5049 | D:4      | HP: 3/83 [hippogriff (2)]
  5050 | D:4      | Slain by a hippogriff

Skill      XL: |  1  2  3  4  5  6  7 |
---------------+----------------------+-----
Maces & Flails | 3 4 5 6 7 9 10 | 10.0
Fighting       | 6 |  6.0
Dodging        | |  2.6
Shields        | |  2.6

Action                   |  1- 3 |  4- 6 |  7- 9 || total
-------------------------+-------+-------+-------++-------
Melee: Flail             |   161 |   176 |    57 ||   394
  Use: Scroll            |       |       |     1 ||     1
       Potion            |       |       |     1 ||     1
 Stab: Sleeping          |     1 |       |       ||     1
  Eat: Chunk             |     7 |    14 |     1 ||    22
       Ration            |       |       |     1 ||     1
Armor: Robe              |    47 |    30 |     3 ||    80
Dodge: Dodged            |    46 |    37 |    19 ||   102
Block: Medium shield     |    75 |    66 |    21 ||   162
